 Dungeon Crawl Stone Soup version 0.26-a0-1139-g7d2dc893a1 (webtiles) character file.

Game seed: 12776612960852461999

184 dolemite99 the Covert (level 5, -2/41 HPs)
             Began as a Vampire Delver on Dec 22, 2020.
             Slain by a sky beast (4 damage)
             ... on level 5 of the Dungeon.
             The game lasted 00:02:48 (628 turns).

dolemite99 the Covert (Vampire Delver)               Turns: 628, Time: 00:02:49

Health: -2/41      AC:  3    Str: 12    XL:     5   Next: 36%
Magic:  5/5        EV: 13    Int: 12    God:
Gold:   8          SH:  0    Dex: 16    Spells: 4/4 levels left

rFire    . . .     SeeInvis +   a - +0 short sword
rCold    . . .     Faith    .   (no shield)
rNeg     . . .     Spirit   .   i - +0 leather armour
rPois    .         Reflect  .   (no helmet)
rElec    .         Harm     .   (no cloak)
rCorr    .         Rampage  .   (no gloves)
Will     .....                  (no boots)
Stlth    ++++......             (no amulet)
HPRegen  0.33/turn              (no ring)
MPRegen  0.09/turn              (no ring)

@: regenerating quickly, hasted, very quick
A: fangs 3, see invisible, unbreathing
a: Exsanguinate


You were on level 5 of the Dungeon.
You visited 1 branch of the dungeon, and saw 1 of its levels.

You collected 8 gold pieces.

Inventory:

Hand Weapons
 a - a +0 short sword (weapon)
 b - a +0 shortbow
Missiles
 j - 20 arrows
Armour
 i - a +0 leather armour (worn)
Wands
 g - a wand of digging (3)
Scrolls
 c - a scroll of fog
 d - a scroll of teleportation {unknown}
 e - a scroll of fear
 h - 2 scrolls of identify {unknown}


   Skills:
 + Level 3.6 Fighting
 + Level 3.6 Short Blades
 + Level 3.6 Dodging
 + Level 8.4 Stealth


You had 4 spell levels left.
You didn't know any spells.
Your spell library was empty.

Dungeon Overview and Level Annotations

Branches:
Dungeon (5/15)
 Temple: D:4-7

Altars:
Nemelex Xobeh


Innate Abilities, Weirdness & Mutations

Your natural rate of healing is unusually fast.
You have razor-sharp teeth.
You have supernaturally acute eyesight. (SInv)
You can survive without breathing.


Message History

Fire: 21 arrows
Press: ? - help, Q - select action Shift-Dir - straight line, f/p - sky beast
Aim: a sky beast (heavily wounded, slightly transparent)
You shoot an arrow.
The arrow hits the sky beast but does no damage.
The sky beast is heavily wounded.
The sky beast hits you. The sky beast shocks you.
a - a +0 short sword (weapon)
The sky beast hits you. The sky beast shocks you.
* * * LOW HITPOINT WARNING * * *
You hit the sky beast.
You bite the sky beast, but do no damage.
The sky beast is heavily wounded.
The sky beast flickers out of sight for a moment.
The sky beast hits you.
* * * LOW HITPOINT WARNING * * *
The sky beast shocks you.
* * * LOW HITPOINT WARNING * * *
You feel yourself speed up. The sky beast hits you.
You die...

,>,,+,,,,,,,,,+,+,,,+,,,,,,,,,,*
*****,,,,,,,,,***,,,**********,*
*,,,,,,,,,* *,,,* #####+##
*,,,,,,,,,* #...* #......# **
*********** #...######......# ,*
***#***** #......##.......#
,****,,..,,,* *......##........
<,,,,,,...#+#######....+.....#..#
,****,**#(.(....@.#....#.....##.#
,,,,*,**#...(...Y.#....#.....##.#
,,,,*,,,.#(.....(.#.....#....##.#
,**,,,,,,#.......(#.....#....##.#
,*,,*,,,,#########(..##.#....##..
,****,,,,* #..........#........
,*,,,,,,,* #...[...####........
,*,***,*** ###....(..# #.......#
,*,*,,,** #.........# #.......#


You could see a sky beast (invisible).

Vanquished Creatures
  A centaur (D:5)
  2 hounds (D:5)
  A jelly (D:5)
  An adder (D:5)
  A white imp (D:5)
6 creatures vanquished.

Notes
Turn   | Place    | Note
-------+----------+-------------------------------------------
     0 | D:5      | dolemite99 the Vampire Delver began the quest for the Orb.
     0 | D:5      | Reached XP level 1. HP: 17/17 MP: 1/1
     5 | D:5      | Noticed a sky beast
    12 | D:5      | Noticed a worker ant
    92 | D:5      | Noticed a hound
    97 | D:5      | Killed a hound
    98 | D:5      | Reached XP level 2. HP: 24/24 MP: 2/2
    98 | D:5      | Reached XP level 3. HP: 29/29 MP: 3/3
   127 | D:5      | Noticed a centaur
   129 | D:5      | Killed a centaur
   130 | D:5      | Reached skill level 8 in Stealth
   130 | D:5      | Reached XP level 4. HP: 35/35 MP: 4/4
   139 | D:5      | Reached XP level 5. HP: 30/41 MP: 5/5
   542 | D:5      | Found a sparkling altar of Nemelex Xobeh.
   627 | D:5      | HP: 1/41 [sky beast (6)]
   628 | D:5      | Slain by a sky beast

Illustrated notes

Levels and vault maps discovered:
D:5:      layout_basic, basic_altar, uniq_pikel

Skill      XL: |  1  2  3 |
---------------+----------+-----
Fighting       | 3 |  3.6
Short Blades   | 3 |  3.6
Dodging        | 3 |  3.6
Stealth        | 8 |  8.4

Action                   |  1- 3 |  4- 6 || total
-------------------------+-------+-------++-------
Melee: Short sword       |     2 |    20 ||    22
       Bite              |       |     3 ||     3
 Fire: Shortbow          |       |    20 ||    20
  Use: Scroll            |     1 |     1 ||     2
       Potion            |       |     1 ||     1
 Stab: Sleeping          |     2 |       ||     2
Armor: Leather armour    |       |     5 ||     5
Dodge: Dodged            |       |    20 ||    20

Table legend: (Time is in decaauts)
 A = Elapsed time spent in this place.
 B = Non-inter-level travel time spent in this place.
 C = Inter-level travel time spent in this place.
 D = Time resting spent in this place.
 E = Time spent auto-exploring this place.
 F = Levels seen in this place.
 G = Mean time per level.
                   A        B        C        D        E       F      G
               +--------+--------+--------+--------+--------+-----+--------+
         Total |    628 |    621 |      7 |    336 |    129 |   1 |  628.0 |
       Dungeon |    628 |    621 |      7 |    336 |    129 |   1 |  628.0 |
               +--------+--------+--------+--------+--------+-----+--------+

Top non-repeatable levels by time:
     D:5: 628 daAuts
